 Dungeon Crawl Stone Soup version 0.28.0-43-g3370ac3207 (webtiles) character file.

Game seed: 15385607245854070518

43621 crimpus the Tortoise (level 13, -4/123 HPs)
             Began as a Minotaur Berserker on Mar 16, 2022.
             Was a High Priest of Trog.
             Slain by a +0 dire flail of venom (15 damage)
             ... on level 2 of the Elven Halls.
             The game lasted 00:38:21 (24696 turns).

crimpus the Tortoise (Minotaur Berserker)          Turns: 24696, Time: 00:38:21

Health: -4/123     AC: 24    Str: 26    XL:     13   Next: 91%
Magic:  12/12      EV: 12    Int:  4    God:    Trog [*****.]
Gold:   1527       SH:  5    Dex: 11    Spells: 12/12 levels left

rFire   + + .      SeeInvis .   a - +1 hand axe (spect)
rCold   + . .      Faith    .   (no shield)
rNeg    . . .      Spirit   .   J - +0 chain mail
rPois   .          Reflect  +   G - +0 hat
rElec   .          Harm     .   p - scarf {rC+ rF+}
rCorr   .          Rampage  .   k - +1 pair of gloves
Will    .....      Clarity  +   y - +0 pair of boots
Stlth   ..........              c - amulet of reflection
HPRegen 0.30/turn               E - +4 ring of protection
MPRegen 0.13/turn               P - ring of protection from fire

@: lethally poisoned (-4 -> -17), on berserk cooldown, hasted and slowed, unable
to read
A: horns 2, retaliatory headbutt, iridescent scales 1, clarity, passive freeze,
inability to read while threatened
a: Renounce Religion, Berserk, Trog's Hand, Brothers in Arms


You were on level 2 of the Elven Halls.
You worshipped Trog.
Trog was extremely pleased with you.
You visited 3 branches of the dungeon, and saw 16 of its levels.
You also visited: Ossuary.

You collected 1527 gold pieces.

Inventory:

Hand Weapons
 a - a +1 spectral hand axe (weapon)
 K - a +3 flail of venom
Missiles
 l - a throwing net (quivered)
Armour
 k - a +1 pair of gloves (worn)
 p - a scarf of resistance (worn)
 y - a +0 pair of boots (worn)
 G - a +0 hat (worn)
 J - a +0 chain mail (worn)
 N - a +2 cloak
Jewellery
 c - an amulet of reflection (around neck)
 v - an amulet of regeneration
 z - a ring of fire
 E - a +4 ring of protection (left hand)
 L - a ring of resist corrosion
 P - a ring of protection from fire (right hand)
Wands
 b - a wand of iceblast (21)
 u - a wand of polymorph (11)
 A - a wand of digging (4)
 D - a wand of flame (24)
 F - a wand of acid (5)
Scrolls
 e - 3 scrolls of blinking
 f - 2 scrolls of fog
 g - a scroll of magic mapping
 i - 8 scrolls of fear
 j - 7 scrolls of teleportation
 n - a scroll of silence
 q - a scroll of holy word
 I - a scroll of enchant armour
 M - a scroll of identify
 O - a scroll of brand weapon
Potions
 d - a potion of might
 h - 5 potions of heal wounds
 m - a potion of haste
 o - a potion of lignification
 r - 3 potions of degeneration
 s - 4 potions of curing
 t - a potion of flight
 w - 2 potions of invisibility
 x - 3 potions of resistance
 B - a potion of cancellation
 C - 3 potions of magic
 H - a potion of ambrosia


   Skills:
 + Level 13.8 Fighting
 + Level 16.3 Axes
 + Level 1.1 Throwing
 + Level 16.4 Armour
 + Level 8.2 Dodging
 + Level 8.4 Shields
 - Level 0.2 Unarmed Combat


You had 12 spell levels left.
You didn't know any spells.
Your spell library was empty.

Dungeon Overview and Level Annotations

Branches:
Dungeon (12/15)            Temple (0/1) D:4            Lair (0/6) D:9
    Orc (2/2) D:11            Elf (2/3) Orc:2       Ossuary (visited)

Altars:
Elyvilon
Gozag
Kikubaaqudgha
Trog
Uskayaw
Vehumet
Yredelemnul
Beogh

Shops:
D:11 [   Orc:2 =(::


Innate Abilities, Weirdness & Mutations

You have a pair of horns on your head.
You reflexively headbutt those who attack you in melee.
You are partially covered in iridescent scales. (AC +2)
You possess an exceptional clarity of mind.
A frigid envelope surrounds you and freezes all who hurt you.
You sometimes lose the ability to read scrolls when taking damage.


Message History

You closely miss the +0 dire flail of venom.
The +0 dire flail of venom is moderately damaged.
You feel sick.
The +0 dire flail of venom hits you but does no damage.
You are more poisoned.
The +0 dire flail of venom completely resists.
You feel very sick.
Things that are here:
a +2 long sword of holy wrath; a +0 long sword; a +0 ring mail You feel a strong urge to attack something.
You feel very sick.
There is an open door, spattered with blood here.
Items here: ( ))) [[.
You feel very sick. The +0 dire flail of venom hits you!
* * * LOW HITPOINT WARNING * * *
You are lethally poisoned!
The +0 dire flail of venom completely resists.
Things that are here:
a +0 scimitar; a +0 buckler You feel your anger nearly subside.
You are no longer berserk.
You are exhausted.
You feel yourself slow down.
* * * LOW HITPOINT WARNING * * *
You feel very sick.
Items here: ( ))) [[.
You feel better. The +0 dire flail of venom hits you.
* * * LOW HITPOINT WARNING * * *
The +0 dire flail of venom hits you!
* * * LOW HITPOINT WARNING * * *
You are poisoned.
The +0 dire flail of venom resists.
The +0 dire flail of venom is very cold.
The +0 dire flail of venom is lightly damaged.
You feel yourself speed up.
You feel very sick.
The +0 dire flail of venom hits you but does no damage.
You are lethally poisoned!
The +0 dire flail of venom hits you!
You die...

#..#)##.## ##.....'####
####)###.## #.....#)##'
#.# ##.#####'####)#. #.#
##.## #.# ##).
#####'######.###.# ##..
#.........###.##'## #.).
#.........# ##'...###...
##......)#####.........#
#.:...@())..'.........#
##.....######!........)
#...(.# ##...####..
##...'## ######## #..
#...#.###.### #.. #####
##.###'.....### #⌠.
##...## #.##.........#
#..
#.....########.........#
#..
#....)'......'..[......#
##.


You could see a +0 dire flail of venom.

Vanquished Creatures
  A hydra (D:9)
  A two-headed ogre (D:9)
  A centaur warrior (D:9)
  A two-headed ogre (shapeshifter) (D:9)
  7 dancing weapons (Elf:2)
  Sonja (D:11)
  Nergalle (D:10)
  9 deep elf knights (Elf:2)
  3 deep elf archers (Elf:2)
  9 deep elf pyromancers
  10 deep elf zephyrmancers
  7 orc sorcerers
  A cyclops (D:11)
  An ugly thing (D:11)
  Joseph (D:7)
  3 manticores
  Maurice (D:9)
  An unseen horror (D:11)
  Maggie (D:10)
  6 trolls
  3 hornets
  2 slime creatures (D:9)
  Prince Ribbit (D:5)
  A meliai zombie (D:11)
  Sigmund (D:4)
  A vampire (D:8)
  4 wraiths
  2 fire elementals
  2 steam dragons
  Menkaure (D:7)
  6 wargs
  3 water moccasins
  A sky beast (D:5)
  22 orc warriors
  7 ogres
  An ice beast (D:6)
  3 black bears
  8 centaurs
  A phantom (D:6)
  5 bullfrogs
  A kobold brigand (D:9)
  2 earth elementals (Elf:2)
  A gnoll sergeant (D:8)
  A wyvern zombie (D:6)
  13 scorpions
  3 water moccasin zombies (D:6)
  A wyvern skeleton (D:6)
  4 killer bees
  21 wights
  An electric eel (D:9)
  4 bullfrog zombies
  5 howler monkeys
  10 centaur zombies
  A human zombie (Ossuary)
  4 hounds
  A centaur skeleton (D:4)
  A gnoll shaman (D:6)
  10 orc priests
  A bullfrog skeleton (D:6)
  3 iguanas (D:5)
  6 scorpion zombies (Ossuary)
  Ijyb (D:4)
  50 orc wizards
  A centaur simulacrum (D:9)
  3 mummies (Ossuary)
  3 howler monkey zombies
  Robin (D:4)
  12 gnolls
  8 adders
  A white imp (D:8)
  An ufetubus (D:4)
  A worm (D:5)
  3 dart slugs
  80 orcs
  6 endoplasms
  2 giant cockroaches
  21 goblins
  11 hobgoblins
  A jackal (D:1)
  2 kobolds
  3 quokkas
  8 ball pythons
  4 bats
  2 frilled lizards
  A gnoll zombie (Ossuary)
  2 goblin zombies (Ossuary)
  3 hobgoblin zombies (Ossuary)
  A kobold zombie (Ossuary)
  An orc zombie (Ossuary)
  6 rats
474 creatures vanquished.

Vanquished Creatures (others)
  A deep elf pyromancer (Elf:2)
  An orc wizard (Orc:2)
  A goblin (D:4)
  A butterfly (D:9)
  16 plants (D:9)
20 creatures vanquished.

Grand Total: 494 creatures vanquished

Notes
Turn   | Place    | Note
-------+----------+-------------------------------------------
     0 | D:1      | crimpus the Minotaur Berserker began the quest for the Orb.
     0 | D:1      | Reached XP level 1. HP: 19/19 MP: 0/0
   191 | D:1      | Reached XP level 2. HP: 27/27 MP: 1/1
   891 | D:1      | Found a faded altar of an unknown god.
  1292 | D:2      | Reached XP level 3. HP: 30/33 MP: 2/2
  1477 | D:2      | Found a bloodstained altar of Trog.
  1652 | D:2      | Reached ** piety under Trog
  1654 | D:2      | Reached XP level 4. HP: 41/41 MP: 3/3
  2654 | D:4      | Found a radiant altar of Vehumet.
  2665 | D:4      | Reached skill level 5 in Axes
  2683 | D:4      | Found a staircase to the Ecumenical Temple.
  2686 | D:4      | Noticed Robin
  2698 | D:4      | Reached XP level 5. HP: 40/47 MP: 4/4
  2700 | D:4      | Killed Robin
  2899 | D:4      | Noticed Ijyb
  2908 | D:4      | Killed Ijyb
  2928 | D:4      | Noticed Sigmund
  3348 | D:4      | Killed Sigmund
  3349 | D:4      | Reached skill level 5 in Fighting
  3349 | D:4      | Reached XP level 6. HP: 18/56 MP: 5/5
  4026 | D:4      | Reached skill level 5 in Armour
  4026 | D:4      | Reached XP level 7. HP: 61/61 MP: 6/6
  4033 | D:4      | You fall into a shaft and drop 3 floors!
  4053 | D:7      | Noticed Menkaure
  4059 | D:6      | Reached skill level 1 in Shields
  4082 | D:7      | Killed Menkaure
  4200 | D:7      | Reached XP level 8. HP: 70/70 MP: 7/7
  4414 | D:7      | Reached *** piety under Trog
  4460 | D:7      | Noticed Joseph
  4474 | D:7      | Killed Joseph
  4517 | D:7      | Found a sand-covered staircase.
  4526 | Ossuary  | Entered an ossuary
  5308 | Ossuary  | Reached skill level 5 in Dodging
  5446 | Ossuary  | Reached XP level 9. HP: 35/79 MP: 8/8
  5799 | Ossuary  | Reached skill level 10 in Axes
  6495 | D:8      | Gained mutation: A frigid envelope surrounds you and
                  | freezes all who hurt you. [potion of mutation]
  6495 | D:8      | Gained mutation: You sometimes lose the ability to read
                  | scrolls when taking damage. [potion of mutation]
  6495 | D:8      | Gained mutation: You are partially covered in iridescent
                  | scales. (AC +2) [potion of mutation]
  6495 | D:8      | Gained mutation: You possess an exceptional clarity of
                  | mind. [potion of mutation]
  6942 | D:8      | Found a hide-covered altar of Uskayaw.
  7925 | D:8      | Found an opulent altar of Gozag.
  7925 | D:8      | Found a bloodstained altar of Trog.
  7982 | D:8      | Reached XP level 10. HP: 78/86 MP: 9/9
  8221 | D:5      | Entered Level 5 of the Dungeon
  8264 | D:5      | Reached **** piety under Trog
  8743 | D:5      | Noticed Prince Ribbit
  8748 | D:5      | Killed Prince Ribbit
  9493 | D:6      | Found a basalt altar of Yredelemnul.
 10144 | D:9      | Noticed a centaur warrior
 10150 | D:9      | Killed a centaur warrior
 10323 | D:9      | Reached skill level 5 in Shields
 10849 | D:9      | Noticed a two-headed ogre
 10854 | D:9      | Killed a two-headed ogre
 10855 | D:9      | Reached skill level 10 in Armour
 10855 | D:9      | Reached XP level 11. HP: 99/99 MP: 10/10
 10970 | D:9      | Reached skill level 10 in Fighting
 11145 | D:9      | Noticed a seven-headed hydra
 11242 | D:9      | Killed a seven-headed hydra
 11929 | D:9      | Noticed a two-headed ogre
 11938 | D:9      | Killed a two-headed ogre
 11994 | D:9      | Found a white marble altar of Elyvilon.
 12180 | D:9      | Noticed Maurice
 12203 | D:9      | Killed Maurice
 12299 | D:9      | Found a staircase to the Lair.
 12874 | D:10     | Entered Level 10 of the Dungeon
 13110 | D:10     | Noticed Nergalle
 13123 | D:10     | Killed Nergalle
 13195 | D:10     | Noticed Maggie
 13202 | D:10     | Killed Maggie
 13571 | D:11     | Found Xaggeschug's Antique Armour Emporium.
 13586 | D:11     | Noticed Sonja
 13976 | D:11     | Killed Sonja
 14254 | D:11     | Reached XP level 12. HP: 110/110 MP: 11/11
 14485 | D:11     | Found a staircase to the Orcish Mines.
 14922 | Orc:1    | Entered Level 1 of the Orcish Mines
 15430 | Orc:1    | Reached ***** piety under Trog
 15464 | Orc:1    | Reached skill level 15 in Axes
 16027 | Orc:2    | Entered Level 2 of the Orcish Mines
 16796 | Orc:2    | Found a staircase to the Elven Halls.
 17608 | Orc:2    | Paralysed by an orc sorcerer for 2 turns
 17681 | Orc:2    | Found Rax Zip's Book Emporium.
 17681 | Orc:2    | Found Oqigeucu's Book Boutique.
 17758 | Orc:2    | Found Xujiriff's Jewellery Boutique.
 17758 | Orc:2    | Found Wucku's Weapon Emporium.
 17771 | Orc:2    | Reached ****** piety under Trog
 17898 | Elf:1    | Entered Level 1 of the Elven Halls
 18561 | Elf:1    | Reached XP level 13. HP: 80/119 MP: 12/12
 19281 | Elf:1    | Found an ancient bone altar of Kikubaaqudgha.
 21459 | Elf:2    | Reached skill level 15 in Armour
 21948 | Elf:2    | Received a gift from Trog
 23307 | Elf:2    | Found a runed translucent gate.
 23308 | Elf:2    | Found a runed translucent gate.
 23308 | Elf:2    | Found a runed translucent gate.
 24132 | Elf:2    | Reached skill level 1 in Throwing
 24696 | Elf:2    | Slain by a +0 dire flail of venom

Illustrated notes

Levels and vault maps discovered:
D:1:      arrival_zaba_pyramid, layout_basic,
          hellmonk_ecumenical_altar_heavens_door, st_stairs_14,
          hangedman_abyss_or_decor_stabs
D:2:      layout_loops_corners, basic_altar
D:3:      layout_rooms
D:4:      layout_basic, fiery_altar_vehumet, minmay_temple_entry_slanted,
          chequers_serial_rivers_micro_c, minmay_fountain_box,
          palyth_stone_intersect, uniq_robin, uniq_ijyb, uniq_sigmund
D:5:      layout_loops_ring, uniq_prince_ribbit1
D:6:      layout_rooms, nicolae_yredelemnul_corpse_copse, solitary_fountain
D:7:      layout_rooms, nicolae_ossuary_entry_ruins, uniq_joseph, uniq_menkaure
D:8:      layout_loops_corners, mainiacjoe_overflow_divided_tiny,
          mainiacjoe_overflow_surrounded_room, minivault_22
D:9:      nzn_winding_woodlands_stair_cross
          [nzn_winding_woodlands_5x15_split_checker,
          nzn_winding_woodlands_center_diamonds,
          nzn_winding_woodlands_5x15_lazy_stream,
          nzn_winding_woodlands_hourglass, nzn_winding_woodlands_5x5_default,
          nzn_winding_woodlands_5x15_sawtooth,
          nzn_winding_woodlands_center_garden, nzn_winding_woodlands_5x15_pool],
          layout_irregular_city, nicolae_elyvilon_peaceful_grove,
          lair_entry_dummy, roderic_lattice_a, uniq_maurice
D:10:     layout_roguey, uniq_nergalle, uniq_maggie
D:11:     layout_cave_pools, orc_0_dummy, nicolae_stop_n_shop_2, uniq_sonja
D:12:     layout_roguey, uniq_psyche
Orc:1:    layout_caves
Orc:2:    st_orc_town, layout_caves, basic_altar
Elf:1:    eino_elf_arrival_shootout, layout_geoelf_diagonals, basic_altar,
          evilmike_minifort, minivault_16, corner_web_ring, hex_large
Elf:2:    nicolae_elf_blades_crystal_corner, layout_geoelf_octagon,
          lemuel_upstairs_altar

Skill      XL: |  1  2  3  4  5  6  7  8  9 10 11 12 13 |
---------------+----------------------------------------+-----
Fighting       | 4 5 7 8 9 11 12 13 | 13.8
Axes           | 4 5 6 7 8 9 11 13 14 15 16 | 16.3
Armour         | 3 4 5 6 7 8 10 12 14 16 | 16.4
Dodging        | 3 4 5 6 7 8 |  8.2
Shields        | 1 3 4 5 6 7 8 |  8.4
Throwing       | 1 |  1.1
Unarmed Combat | |  0.2

Action                   |  1- 3 |  4- 6 |  7- 9 | 10-12 | 13-15 || total
-------------------------+-------+-------+-------+-------+-------++-------
Melee: Hand axe          |    63 |    94 |   263 |   586 |   175 ||  1181
       Headbutt          |    11 |     9 |    49 |   138 |    34 ||   241
       Punch             |     1 |     2 |     6 |    11 |     2 ||    22
       Unarmed           |       |       |       |     2 |       ||     2
       Flail             |       |       |       |     1 |       ||     1
Throw: Throwing net      |       |       |       |     1 |     1 ||     2
Invok: Berserk           |     1 |     4 |    10 |    23 |     6 ||    44
       Trog's Hand       |       |       |     1 |     3 |     1 ||     5
  Use: Potion            |     1 |     2 |     3 |     3 |     3 ||    12
       Scroll            |       |     6 |     6 |    11 |     4 ||    27
 Stab: Distracted        |       |       |       |     6 |     4 ||    10
Armor: Animal skin       |     5 |       |       |       |       ||     5
       Ring mail         |    15 |    34 |    60 |       |       ||   109
       Scale mail        |       |       |     5 |    22 |       ||    27
       Chain mail        |       |       |       |   224 |    63 ||   287
       Skin              |       |       |       |     1 |       ||     1
Dodge: Dodged            |    50 |    54 |   121 |   205 |    39 ||   469
Block: Other             |       |    10 |    48 |    76 |    20 ||   154
       Reflection        |       |       |     1 |    11 |     2 ||    14
